 Dungeon Crawl Stone Soup version 0.19-a0-1738-gbb2db12 (webtiles) character file.

3282 Bzzzz the Covert (level 9, -1/46 HPs)
             Began as a Spriggan Assassin on Oct 1, 2016.
             Was a Priest of Okawaru.
             Slain by an orc warrior
             ... wielding a +0 hand axe
              (18 damage)
             ... on level 7 of the Dungeon.
             The game lasted 00:30:31 (10356 turns).

Bzzzz the Covert (Spriggan Assassin)               Turns: 10356, Time: 00:30:32

Health: -1/46      AC:  4    Str:  7    XL:     9   Next: 69%
Magic:  10/10      EV: 28    Int: 13    God:    Okawaru [***...]
Gold:   393        SH:  0    Dex: 20    Spells: 0 memorised, 8 levels left

rFire  . . .     SeeInvis +     a - +2 dagger
rCold  . . .     Gourm    .     c - +0 robe
rNeg   . . .     Faith    .     (shield restricted)
rPois  .         Spirit   .     (helmet restricted)
rElec  .         Dismiss  .     d - +1 cloak
rCorr  .         Reflect  .     (gloves unavailable)
MR     +....     Harm     .     (boots unavailable)
Stlth  +++++.....               (no amulet)
                                o - ring of loudness (curse)
                                x - +3 ring of evasion

@: very quick
A: unfitting armour, see invisible, herbivore 3, speed 3, slow metabolism 2
a: Heroism, Renounce Religion


You were on level 7 of the Dungeon.
You worshipped Okawaru.
Okawaru was most pleased with you.
You were not hungry.

You visited 2 branches of the dungeon, and saw 8 of its levels.

You collected 393 gold pieces.

Inventory:

Hand Weapons
 a - a +2 dagger (weapon)
 b - a +2 blowgun
 y - a cursed -2 whip
 A - a cursed -2 short sword
Armour
 c - a +0 robe (worn)
 d - a +1 cloak (worn)
Jewellery
 i - an uncursed ring of flight
 o - a cursed ring of loudness (right hand)
 s - an uncursed ring of protection from cold
 w - an uncursed ring of resist corrosion
 x - a +3 ring of evasion (left hand)
 G - an uncursed ring of protection from cold
Wands
 n - a wand of flame (20/48)
 B - a wand of flame (22/48)
 C - a wand of acid (9/15)
 D - a wand of flame (19/48)
 H - a wand of iceblast (7/15)
Scrolls
 q - 2 scrolls of teleportation
 u - a scroll of immolation
 v - a scroll of recharging
Potions
 f - a potion of might {unknown}
 h - a potion of cancellation
 j - a potion of heal wounds {unknown}
 k - 3 potions of lignification
 l - 2 potions of agility
 m - 2 potions of flight {unknown}
 p - 2 potions of degeneration {unknown}
 r - a potion of magic {unknown}
 t - 3 potions of cure mutation
 z - 2 potions of curing
 E - a potion of invisibility {unknown}
 I - a potion of resistance {unknown}
Comestibles
 g - 5 bread rations
 F - a fruit


   Skills:
 + Level 4.9 Fighting
 + Level 6.3 Short Blades
 + Level 5.8 Throwing
 + Level 8.1 Dodging
 * Level 13.2 Stealth


You had 8 spell levels left.
You didn't know any spells.

Dungeon Overview and Level Annotations

Branches:
Dungeon (7/15)             Temple (1/1) D:4

Altars:
Ashenzari
Cheibriados
Dithmenos
Elyvilon
Fedhas
Gozag
Hepliaklqana
Kikubaaqudgha
Makhleb
Nemelex Xobeh
Okawaru
Qazlal
Ru
Sif Muna
Trog
Uskayaw
Vehumet
Xom
Yredelemnul
Zin
The Shining One

Shops:
D:7 (


Innate Abilities, Weirdness & Mutations

You are very small and have problems with some larger weapons.
You are too small for most types of armour.
You have supernaturally acute eyesight. (SInv)
You are a herbivore.
You cover ground extremely quickly.
You need consume almost no food.


Message History

Press: ? - help, Shift-Dir - straight line, f/p - orc warrior
Aim: an orc warrior, wielding a hand axe and wearing a chain mail (poisoned)
You shoot a poisoned needle.
The poisoned needle barely misses the orc warrior.
Wield which item (- for none, * to show all)? (? for menu, Esc to quit)
a - a +2 dagger (weapon)
You see here a sling bullet.
The orc warrior closely misses you.
The orc wizard shouts!
You hit the orc warrior but do no damage.
The orc warrior is lightly wounded.
You hit the orc warrior but do no damage.
The orc warrior is lightly wounded.
The orc warrior hits you with a hand axe!
You hit the orc warrior but do no damage.
The orc warrior is moderately wounded.
You hit the orc warrior but do no damage.
The orc warrior is moderately wounded.
The orc warrior hits you with a hand axe!!
You die...

#.§§#§#................#
#..#§§§#####....."##'###
#§#§#§############.####
#.§§._(§§.# #.##..
#.#§#§#§#.##########'##..
.§#.§§#..##.............
#...#§#().##.............
####..#+(∩##.............
#.#..@..#.......).....
#.#..o..#...........##
#.#....[#...........# #
#..o.(#..........)#
##(##(#########'### #.
#..# ###(# #. ##(## #...#
#. #(.# #...### # ##.##
#.....##


You could see an orc warrior and an orc wizard.

Vanquished Creatures
  Joseph (D:7)
  A hippogriff (D:7)
  Sigmund (D:3)
  Edmund (D:6)
  Duvessa (D:5)
  An orc warrior (D:6)
  A black bear (D:6)
  6 ogres
  A phantom (D:4)
  A sky beast (D:6)
  A centaur (D:6)
  5 bullfrogs
  A gnoll sergeant (D:7)
  Dowan (D:5)
  2 scorpions
  A howler monkey (D:4)
  A jelly (D:6)
  A bullfrog zombie (D:5)
  2 hounds
  2 orc priests
  4 orc wizards
  A bullfrog skeleton (D:5)
  An iguana (D:7)
  6 worker ants
  A killer bee zombie (D:5)
  2 hound zombies
  2 hound skeletons
  A worker ant zombie (D:6)
  8 gnolls
  11 adders
  3 river rats (D:6)
  A shadow imp (D:7)
  An ooze (D:2)
  An adder zombie (D:5)
  An adder skeleton (D:6)
  4 worms
  3 dart slugs
  2 leopard geckos
  21 orcs
  A ball python (D:2)
  9 bats
  4 giant cockroaches
  8 goblins
  4 hobgoblins
  6 jackals
  A quokka (D:5)
  8 frilled lizards
  A jackal skeleton (D:4)
  5 kobolds
  A leopard gecko zombie (D:6)
  A quokka skeleton (D:4)
  10 rats
165 creatures vanquished.

Notes
Turn   | Place    | Note
-------+----------+-------------------------------------------
     0 | D:1      | Bzzzz the Spriggan Assassin began the quest for the Orb.
     0 | D:1      | Reached XP level 1. HP: 10/10 MP: 2/2
    30 | D:1      | Reached skill level 6 in Stealth
   214 | D:1      | Reached XP level 2. HP: 14/14 MP: 3/3
   445 | D:1      | You fall through a shaft!
   725 | D:1      | Reached XP level 3. HP: 18/18 MP: 4/4
  1593 | D:2      | Found a faded altar of an unknown god.
  1687 | D:2      | Reached XP level 4. HP: 20/23 MP: 5/5
  1758 | D:2      | Reached skill level 7 in Stealth
  2889 | D:3      | Noticed Sigmund
  2903 | D:3      | Killed Sigmund
  2903 | D:3      | Reached skill level 8 in Stealth
  2903 | D:3      | Reached XP level 5. HP: 19/27 MP: 6/6
  2903 | D:3      | Reached XP level 6. HP: 22/32 MP: 7/7
  3755 | D:4      | Found a staircase to the Ecumenical Temple.
  3765 | Temple   | Entered the Ecumenical Temple
  3838 | Temple   | Became a worshipper of Warmaster Okawaru
  4421 | D:4      | Reached XP level 7. HP: 22/35 MP: 8/8
  4669 | D:4      | Reached skill level 9 in Stealth
  5136 | D:4      | Reached skill level 5 in Dodging
  5827 | D:5      | Entered Level 5 of the Dungeon
  5850 | D:5      | Noticed Duvessa
  5850 | D:5      | Noticed Dowan
  5868 | D:5      | Killed Duvessa
  5895 | D:5      | Killed Dowan
  6244 | D:5      | Reached * piety under Okawaru
  6244 | D:5      | Reached skill level 10 in Stealth
  6469 | D:5      | Reached XP level 8. HP: 40/40 MP: 9/9
  7431 | D:6      | Reached skill level 5 in Short Blades
  7545 | D:6      | Reached ** piety under Okawaru
  7545 | D:6      | Reached skill level 11 in Stealth
  7697 | D:6      | Reached skill level 5 in Throwing
  8219 | D:6      | Noticed Edmund
  8300 | D:6      | Killed Edmund
  8300 | D:6      | Reached XP level 9. HP: 42/45 MP: 10/10
  8472 | D:6      | Reached skill level 12 in Stealth
  8932 | D:6      | Found a bloodstained altar of Trog.
  8932 | D:6      | Found a stormy altar of Qazlal.
  9211 | D:6      | Reached *** piety under Okawaru
  9495 | D:7      | Noticed Joseph
 10141 | D:7      | Found a shadowy altar of Dithmenos.
 10145 | D:7      | Found Sequonil's Antique Weapon Shoppe.
 10345 | D:7      | Killed Joseph
 10345 | D:7      | Reached skill level 13 in Stealth
 10356 | D:7      | Slain by an orc warrior

Vault maps used:
D:1:      dpeg_arrival_houses_and_road
D:2:      ecumenical_altar_1, st_stairs_1, serial_bayou_lagoon_b
D:3:      uniq_sigmund
D:4:      first_bread
D:5:      uniq_duvessa
D:6:      amethyst_overflow_temple_binary, portal_sewer_entry_e, uniq_edmund
D:7:      grunt_dithmenos_smoke_and_mirrors, serial_shops, shop, uniq_joseph,
          uniq_crazy_yiuf_cottage
Temple:   dpeg_five_rooms_temple

Skill      XL: |  1  2  3  4  5  6  7  8  9 |
---------------+----------------------------+-----
Stealth        | 6 8 10 11 13 | 13.2
Dodging        | 2 4 5 7 8 |  8.1
Fighting       | 2 3 4 |  4.9
Short Blades   | 3 4 5 6 |  6.3
Throwing       | 3 4 5 |  5.8

Action                   |  1- 3 |  4- 6 |  7- 9 || total
-------------------------+-------+-------+-------++-------
Melee: Dagger            |   111 |   169 |   556 ||   836
 Fire: Blowgun           |    13 |    45 |   155 ||   213
  Use: Scroll            |     4 |     3 |     7 ||    14
       Potion            |       |     1 |     4 ||     5
 Stab: Sleeping          |    12 |    10 |     9 ||    31
       Distracted        |     1 |     1 |     2 ||     4
  Eat: Pizza             |       |     1 |     1 ||     2
       Royal jelly       |       |       |     2 ||     2
       Fruit             |       |       |     2 ||     2
Armor: Robe              |    19 |    14 |    30 ||    63
Dodge: Dodged            |   101 |    94 |   407 ||   602
